 Dungeon Crawl Stone Soup version 0.29.0-10-g45618ea6d2 (webtiles) character file.

Game seed: 15355149498687658517

25 keekatzer the Trooper (level 2, -16/24 HPs)
             Began as a Demonspawn Chaos Knight on Sept 1, 2022.
             Was a Plaything of Xom.
             Demolished by a guardian serpent (shapeshifter) (21 damage)
             ... on level 1 of the Dungeon.
             The game lasted 00:03:56 (792 turns).

keekatzer the Trooper (Demonspawn Chaos Knight)      Turns: 792, Time: 00:03:57

Health: -16/24     AC:  5    Str: 12    XL:     2   Next: 86%
Magic:  2/2        EV: 11    Int: 13    God:    Xom [....*.]
Gold:   47         SH:  0    Dex: 12    Spells: 1/1 levels left

rFire   . . .      SeeInvis .   a - +0 hand axe (chaos)
rCold   . . .      Faith    .   (no shield)
rNeg    . . .      Spirit   .   b - +2 leather armour
rPois   .          Reflect  .   (no helmet)
rElec   .          Harm     .   (no cloak)
rCorr   .          Rampage  .   (no gloves)
Will    .....                   (no boots)
Stlth   +.........              (no amulet)
HPRegen 0.08/turn               (no ring)
MPRegen 0.16/turn               (no ring)

@: no status effects
A: magic regeneration
a: Renounce Religion


You were on level 1 of the Dungeon.
You worshipped Xom.
You were a beloved toy of Xom.
You visited 1 branch of the dungeon, and saw 1 of its levels.

You collected 47 gold pieces.

Inventory:

Hand Weapons
 a - a +0 hand axe of chaos (weapon)
Armour
 b - a +2 leather armour (worn)
Scrolls
 d - a scroll of magic mapping {unknown}
 e - 2 scrolls of identify {unknown}
 i - a scroll of enchant armour {unknown}
 l - a scroll of silence {unknown}
 m - a scroll of noise {unknown}
Potions
 f - a potion of might {unknown}
 g - 2 potions of flight {unknown}
 h - 3 potions of curing {unknown}
 j - a potion of degeneration {unknown}
 k - a potion of attraction {unknown}
Miscellaneous
 c - a piece from Xom's chessboard (14/15) (quivered)


   Skills:
 + Level 3.3 Fighting
 + Level 3.0 Axes
 + Level 2.1 Armour
 + Level 1.4 Dodging


You had one spell level left.
You didn't know any spells.
Your spell library contained the following spells:

 Spells                   Type           Power      Damage    Failure   Level
 Gell's Gravitas          Tloc           0%         N/A       75%         3
 Lesser Beckoning         Tloc           0%         N/A       75%         3
 Teleport Other           Tloc           0%         N/A       75%         3


Dungeon Overview and Level Annotations

Branches:
Dungeon (1/15)

Altars:


Innate Abilities, Weirdness & Mutations

You regenerate magic rapidly.


Message History

a +0 dagger; 3 stones The jackal bites you but does no damage.
The jackal attacks as you move away! The jackal closely misses you.
The jackal bites you but does no damage.
The jackal barely misses you. The jackal closely misses you.
The jackal attacks as you move away!
The jackal bites you but does no damage.
A black mamba comes into view.
The jackal bites you but does no damage.
You completely miss the jackal. You closely miss the black mamba.
The black mamba barely misses you. The jackal bites you.
The black mamba misses you.
You hit the jackal. Lightning courses through the jackal!
You kill the jackal!
You closely miss the black mamba.
The black mamba changes into a polar bear!
You hit the jackal. You burn the jackal.
You kill the jackal!
You closely miss the polar bear.
You hit the polar bear but do no damage.
The polar bear barely misses you. The polar bear claws you. x2
The polar bear closely misses you. The polar bear claws you.
The polar bear barely misses you.
You closely miss the polar bear. The polar bear bites you.
* * * LOW HITPOINT WARNING * * *
The polar bear barely misses you. The polar bear claws you.
* * * LOW HITPOINT WARNING * * *
You hit the polar bear but do no damage.
The polar bear changes into a guardian serpent!
You make a move on Xom's chessboard...
The guardian serpent resists with almost no effort. "Heh heh heh..."
The guardian serpent looks rather confused.
You are now a beloved toy of Xom.
The guardian serpent seems less confused.
The guardian serpent hits you!!
Ouch! That really hurt!
You die...
Xom giggles madly!

######## #.## ##...#.#.# #
.......# ####.# #...#.#.# #
.#...#.# #.†..# ##...#.#.##
#
.....#.###.###.###.........#
# .#.>.......#
#.........##.# #
.#####.##### ##.###..####.##
# #.# #......# #...# # ..#
#.###### #...# ####
##@###### #...# #.S.....#
#...# #.....
#..####.###...##### #....
#...##............. #....
#.#................ #...
##.#..#............. # #...
#........###...##### . ..#
#.##..#### #...# # # #.#
#.###.# #...# #


You could see a guardian serpent shaped shifter.

Vanquished Creatures
  A dart slug (D:1)
  4 endoplasms (D:1)
  A giant cockroach (D:1)
  2 goblins (D:1)
  A hobgoblin (D:1)
  2 jackals (D:1)
  2 quokkas (D:1)
  2 ball pythons (D:1)
  3 bats (D:1)
  A kobold (D:1)
  2 rats (D:1)
21 creatures vanquished.

Notes
Turn   | Place    | Note
-------+----------+-------------------------------------------
     0 | D:1      | keekatzer the Demonspawn Chaos Knight began the quest for
                  | the Orb.
     0 | D:1      | Reached XP level 1. HP: 18/18 MP: 1/1
    63 | D:1      | Reached skill level 1 in Dodging
   275 | D:1      | XOM: silly message
   278 | D:1      | Gained mutation: You regenerate magic rapidly. [demonic
                  | ancestry]
   278 | D:1      | Reached XP level 2. HP: 23/24 MP: 2/2
   337 | D:1      | XOM: cloud trail
   493 | D:1      | XOM: 3-stop teleportation journey
   754 | D:1      | Noticed a shapeshifter
   754 | D:1      | a jackal changed into a shapeshifter
   754 | D:1      | Noticed a guardian serpent
   754 | D:1      | a shapeshifter changed into a guardian serpent
   761 | D:1      | XOM: noise
   768 | D:1      | Noticed a cane toad
   768 | D:1      | a guardian serpent changed into a cane toad
   783 | D:1      | Noticed a black mamba
   785 | D:1      | Noticed a polar bear
   785 | D:1      | a black mamba changed into a polar bear
   789 | D:1      | Noticed a guardian serpent
   789 | D:1      | a polar bear changed into a guardian serpent
   792 | D:1      | XOM: confuse monster(s)
   792 | D:1      | Demolished by a guardian serpent (shapeshifter)

Illustrated notes

Levels and vault maps discovered:
D:1:      dpeg_arrival_round_a, layout_loops_cross

Skill      XL: |  1  2 |
---------------+-------+-----
Dodging        | 1 |  1.4
Armour         | 2 |  2.1
Axes           | 3 |  3.0
Fighting       | |  3.3

Action                   || total
-------------------------++-------
Melee: Hand axe          ||    45
Evoke: Piece from Xom's  ||     1
Armor: Leather armour    ||    26
Dodge: Dodged            ||    36
